 Dungeon Sprint DCSS version 0.17-a0-2093-gc772f4b (webtiles) character file.

1682 esc the Basher (level 8, 0/81 (83) HPs)
             Began as a Minotaur Berserker on Oct 16, 2015.
             Was an Elder of Trog.
             Slain by a wasp (2 damage)
             ... while paralysed by a wasp
             ... in the Dungeon (Sprint II: "The Violet Keep of Menkaure").
             The game lasted 00:03:20 (692 turns).

esc the Basher (Minotaur Berserker)                  Turns: 692, Time: 00:03:20

HP:   0/81 (83)     AC:  3    Str: 23    XL:     8   Next: 71%
MP:   7/7           EV:  2    Int:  4    God:    Trog [****..]
Gold: 972           SH:  0    Dex: 11    Spells: 0 memorised, 7 levels left

rFire  . . .     SeeInvis .     a - +0 mace
rCold  . . .     Clarity  .     b - +0 animal skin
rNeg   . . .     SustAt   .     (no shield)
rPois  .         Gourm    .     (helmet restricted)
rElec  .         Spirit   .     (no cloak)
rCorr  .         Warding  .     (no gloves)
rMut   .         NoTele   +     (no boots)
MR     .....                    (no amulet)
Stlth  +.........               (no ring)
                                (no ring)

@: paralysed, lethally poisoned (0 -> -4), exhausted, slowed, not resistant to
hostile enchantments, very unstealthy
A: retaliatory headbutt, horns 2
a: Burn Spellbooks, Berserk, Trog's Hand, Brothers in Arms, Renounce Religion


You were in the Dungeon.
You worshipped Trog.
Trog was greatly pleased with you.
You were very hungry.

You visited 1 branch You collected 972 gold pieces.

Inventory:

Hand Weapons
 a - a +0 mace (weapon)
Armour
 b - a +0 animal skin (worn)
Scrolls
 i - a scroll of blinking {!r}
Potions
 d - a potion of curing
 e - a potion of heal wounds
 f - a potion of haste
 g - 2 potions of magic
 h - a potion of berserk rage {!q}
Comestibles
 c - a bread ration {@e1}
 j - 4 chunks of flesh {@w0}


   Skills:
 + Level 12.1 Fighting
 + Level 12.1 Maces & Flails
 + Level 11.7 Armour
 + Level 10.9 Dodging


You had 7 spell levels left.
You didn't know any spells.

Dungeon Overview and Level Annotations

Branches:
Dungeon (1/1)

Altars:
Cheibriados
Dithmenos
Elyvilon
Fedhas
Gozag
Kikubaaqudgha
Makhleb
Nemelex Xobeh
Okawaru
Qazlal
Ru
Sif Muna
Trog
Vehumet
Xom
Yredelemnul
Zin
The Shining One
Beogh
Jiyva
Lugonu


Innate Abilities, Weirdness & Mutations

You reflexively headbutt those who attack you in melee.
You have a pair of horns on your head.


Message History

Found a deep blue altar of Sif Muna and a white marble altar of Elyvilon.
A polar bear comes into view.
Okay, then.
You fail to use your ability.
Your ogre goes berserk!
You feel somewhat more hungry.
You can no longer call in reinforcements.
The polar bear growls angrily.
The polar bear moves out of view.
You are feeling hungry.
You hit the polar bear but do no damage.
Your ogre completely misses the polar bear.
The polar bear barely misses you. The polar bear closely misses you.
The polar bear misses you.
You hit the polar bear.
You headbutt the polar bear, but do no damage.
Your ogre barely misses the polar bear.
The polar bear bites you!! The polar bear misses you. The polar bear claws you.
You take 23 damage, and have 44/80 hp.
MASSIVE DAMAGE!!
Your ogre barely misses the polar bear.
The polar bear barely misses your ogre. The polar bear claws your ogre. x2
A red film seems to cover your vision as you go berserk!
You feel yourself moving faster!
You feel mighty!
You feel somewhat more hungry.
Your ogre closely misses the polar bear.
The polar bear bites your ogre!
The polar bear claws your ogre but does no damage.
The polar bear claws your ogre. The polar bear bites your ogre!
The polar bear claws your ogre. x2
You now have 66/120 hp.
You are too berserk!
You feel a strong urge to attack something.
Your ogre closely misses the polar bear.
The polar bear bites your ogre! The polar bear claws your ogre.
Your ogre dies!
Your ogre's corpse disappears in a puff of smoke!
The polar bear barely misses you. x2
The polar bear claws you but does no damage.
You closely miss the polar bear. You headbutt the polar bear.
The polar bear completely misses you. The polar bear claws you.
The polar bear barely misses you. x3
The polar bear misses you.
You take 5 damage, and have 62/120 hp.
You hit the polar bear. You headbutt the polar bear.
You bludgeon the polar bear!!
The polar bear goes berserk!
The polar bear bites you! The polar bear completely misses you.
The polar bear claws you.
You take 10 damage, and have 52/120 hp.
You hit the polar bear. The polar bear closely misses you.
The polar bear barely misses you. The polar bear closely misses you.
The polar bear closely misses you. You furiously retaliate!
You headbutt the polar bear. The polar bear claws you.
The polar bear completely misses you. The polar bear barely misses you.
You furiously retaliate!
You headbutt the polar bear. The polar bear barely misses you.
The polar bear closely misses you.
You take 1 damage, and have 51/120 hp.
You hit the polar bear. You headbutt the polar bear.
You kill the polar bear!
Trog accepts your kill.
You sock the polar bear! The polar bear bites you!
The polar bear claws you but does no damage.
The polar bear claws you. The polar bear closely misses you.
The polar bear completely misses you. The polar bear claws you.
You take 14 damage, and have 38/121 hp.
You sock the polar bear! The wasp closely misses you.
You thump the polar bear! The wasp completely misses you.
You furiously retaliate!
You headbutt the wasp. The polar bear misses you.
The polar bear completely misses you. x3
You furiously retaliate!
You headbutt the polar bear!
You kill the polar bear!
Trog accepts your kill.
You can now call in reinforcements.
Your Fighting skill increases to level 12!
Your Maces & Flails skill increases to level 12!
You are too berserk!
You sock the polar bear! The wasp stings you!
* * * LOW HITPOINT WARNING * * *
You are poisoned.
You suddenly lose the ability to move!
You feel sick.
The yaktaur wields an arbalest.
The yaktaur shoots a bolt.
The bolt hits you!
* * * LOW HITPOINT WARNING * * *
The polar bear bites you.
* * * LOW HITPOINT WARNING * * *
The polar bear claws you.
* * * LOW HITPOINT WARNING * * *
The polar bear claws you.
* * * LOW HITPOINT WARNING * * *
The wasp stings you.
* * * LOW HITPOINT WARNING * * *
You are lethally poisoned!
You shrug off the repeated paralysis!
You are no longer berserk.
Trog's vigour flows through your veins.
You feel yourself slow down.
You are feeling very hungry.
* * * LOW HITPOINT WARNING * * *
You feel sick. The wasp stings you.
You die...

#####..## #..# .#▓?$?$?(
###.##..# +..# .#▓$))($?
##...#..# #..# c#▓$!?[?$
.')#.'..####..##.#▓)$()!$
##...#....###...##▓▓▓▓▓▓▓
###.##..§...≈≈≈≈≈≈≈≈≈≈≈≈≈
.####≈≈..÷..≈#'########+#
#.#≈≈≈≈≈≈≈§.≈#.y..._._#§§
.##≈≈≈≈§§≈≈.≈#c†@._._.#§≈
##≈≈≈§≈≈≈§§≈≈#.h._._._#§§
≈≈≈≈≈≈§≈≈≈≈≈#.._._._.#§≈
++#≈§§§≈≈§§≈#.⌠._._._#§§
##§≈≈###§§#.._._._.#§§
##≈≈ #§§#._._._..#§§
#§§#.._._...#≈§
≈≈§##########≈


You could see a polar bear, a yaktaur and a wasp.

Vanquished Creatures
  A siren (D)
  2 polar bears (D)
  2 hippogriffs (D)
  4 necrophages (D)
  4 brain worms (D)
  A crocodile (D)
14 creatures vanquished.

Vanquished Creatures (others)
  Menkaure (D)
1 creature vanquished.

Grand Total: 15 creatures vanquished

Notes
Turn   | Place    | Note
--------------------------------------------------------------
     0 | D        | esc the Minotaur Berserker began the quest for the Orb.
     0 | D        | Reached XP level 1. HP: 19/19 MP: 0/0
     1 | D        | Noticed a brain worm
     5 | D        | Killed a brain worm
     5 | D        | Reached skill level 5 in Fighting
     5 | D        | Reached skill level 6 in Maces & Flails
     5 | D        | Reached skill level 5 in Armour
     5 | D        | Reached skill level 4 in Dodging
     5 | D        | Reached XP level 2. HP: 30/30 MP: 1/1
     5 | D        | Reached XP level 3. HP: 37/37 MP: 2/2
     5 | D        | Reached XP level 4. HP: 44/44 MP: 3/3
     7 | D        | Noticed a brain worm
     9 | D        | Killed a brain worm
     9 | D        | Reached ** piety under Trog
     9 | D        | Reached skill level 7 in Fighting
     9 | D        | Reached skill level 7 in Maces & Flails
     9 | D        | Reached skill level 6 in Armour
     9 | D        | Reached skill level 5 in Dodging
     9 | D        | Reached XP level 5. HP: 50/52 MP: 4/4
    10 | D        | Noticed a brain worm
    10 | D        | Noticed a brain worm
    12 | D        | Killed a brain worm
    12 | D        | Reached skill level 7 in Armour
    12 | D        | Reached skill level 6 in Dodging
    16 | D        | Killed a brain worm
    16 | D        | Reached skill level 8 in Fighting
    16 | D        | Reached skill level 8 in Maces & Flails
    16 | D        | Reached skill level 7 in Dodging
    16 | D        | Reached XP level 6. HP: 53/62 MP: 5/5
    28 | D        | Killed Menkaure
   132 | D        | Noticed a necrophage
   132 | D        | Noticed a necrophage
   132 | D        | Noticed a necrophage
   132 | D        | Noticed a necrophage
   137 | D        | Killed a necrophage
   137 | D        | Reached skill level 9 in Maces & Flails
   137 | D        | Reached skill level 8 in Armour
   141 | D        | Killed a necrophage
   141 | D        | Reached skill level 9 in Fighting
   141 | D        | Reached skill level 8 in Dodging
   152 | D        | Killed a necrophage
   152 | D        | Reached skill level 9 in Armour
   158 | D        | Killed a necrophage
   158 | D        | Reached skill level 10 in Fighting
   158 | D        | Reached skill level 10 in Maces & Flails
   158 | D        | Reached XP level 7. HP: 45/70 MP: 6/6
   275 | D        | Noticed a hippogriff
   275 | D        | Noticed a hippogriff
   281 | D        | Killed a hippogriff
   281 | D        | Reached skill level 10 in Armour
   281 | D        | Reached skill level 9 in Dodging
   290 | D        | Killed a hippogriff
   290 | D        | Reached *** piety under Trog
   505 | D        | Noticed a siren
   522 | D        | Killed a siren
   522 | D        | Reached skill level 11 in Fighting
   522 | D        | Reached skill level 11 in Maces & Flails
   522 | D        | Reached skill level 11 in Armour
   522 | D        | Reached skill level 10 in Dodging
   522 | D        | Reached XP level 8. HP: 50/80 MP: 7/7
   655 | D        | Noticed a crocodile
   655 | D        | Found a roughly hewn altar of Beogh.
   655 | D        | Found a basalt altar of Yredelemnul.
   662 | D        | Killed a crocodile
   662 | D        | Reached **** piety under Trog
   663 | D        | Found an iron altar of Okawaru.
   666 | D        | Found a shadowy altar of Dithmenos.
   666 | D        | Found a burning altar of Makhleb.
   667 | D        | Found a sparkling altar of Nemelex Xobeh.
   667 | D        | Found a viscous altar of Jiyva.
   667 | D        | Found a glowing golden altar of the Shining One.
   668 | D        | Found an opulent altar of Gozag.
   668 | D        | Found a corrupted altar of Lugonu.
   668 | D        | Found a shimmering altar of Xom.
   669 | D        | Found a blossoming altar of Fedhas.
   669 | D        | Found an ancient bone altar of Kikubaaqudgha.
   670 | D        | Found a glowing silver altar of Zin.
   671 | D        | Found a snail-covered altar of Cheibriados.
   671 | D        | Found a radiant altar of Vehumet.
   671 | D        | Found a sacrificial altar of Ru.
   671 | D        | Found a bloodstained altar of Trog.
   671 | D        | Found a stormy altar of Qazlal.
   671 | D        | Noticed a wasp
   671 | D        | Noticed a polar bear
   672 | D        | Noticed a polar bear
   672 | D        | Found a deep blue altar of Sif Muna.
   672 | D        | Found a white marble altar of Elyvilon.
   672 | D        | Noticed a yaktaur
   673 | D        | Noticed a polar bear
   680 | D        | Noticed a crocodile
   686 | D        | Killed a polar bear
   689 | D        | Killed a polar bear
   689 | D        | Reached skill level 12 in Fighting
   689 | D        | Reached skill level 12 in Maces & Flails
   690 | D        | HP: 26/121 [wasp (12)]
   690 | D        | Paralysed by a wasp for 3 turns
   691 | D        | HP: 10/121 [polar bear (3)]
   691 | D        | HP: 4/121 [wasp (6)]
   692 | D        | Slain by a wasp

Vault maps used:
D:        the_violet_keep_of_menkaure

Action                   |  1- 3 |  4- 6 |  7- 9 || total
-------------------------+-------+-------+-------++-------
Melee: Mace              |     2 |    33 |    47 ||    82
Invok: Berserk           |     1 |       |     1 ||     2
       Brothers in Arms  |       |       |     1 ||     1

Vault maps used:
D:        the_violet_keep_of_menkaure

Table legend:
 A = Turns spent in this place as a percentage of turns spent in the entire game.
 B = Non-inter-level travel turns spent in this place as a percentage of non-inter-level travel turns spent in the entire game.
 C = Inter-level travel turns spent in this place as a percentage of turns spent in this place.
 D = Turns resting spent in this place as a percentage of non-inter-level travel turns spent in this place.
 E = Turns spent auto-exploring this place as a percentage of non-inter-level travel turns spent in this place.
 F = Non-inter-level travel turns spent in this place divided by the number of levels of this place that you've seen.
                   A       B       C       D       E      F
               +-------+-------+-------+-------+-------+----------------------
         Total | 100.0 | 100.0 |   0.0 |   6.5 |   0.0 | 184.0
       Dungeon | 100.0 | 100.0 |   0.0 |   6.5 |   0.0 | 184.0
               +-------+-------+-------+-------+-------+----------------------

Table legend:
 A = Kills in this place as a percentage of kills in entire the game.
 B = Kills by you in this place as a percentage of kills by you in the entire game.
 C = Kills by friends in this place as a percentage of kills by friends in the entire game.
 D = Other kills in this place as a percentage of other kills in the entire game.
 E = Experience gained in this place as a percentage of experience gained in the entire game.
 F = Experience gained in this place divided by the number of levels of this place that you have seen.
                   A       B       C       D       E      F
               +-------+-------+-------+-------+-------+----------------------
         Total | 100.0 | 100.0 |  -nan |  -nan | 100.0 | 2404.0
       Dungeon | 100.0 | 100.0 |  -nan |  -nan | 100.0 | 2404.0
               +-------+-------+-------+-------+-------+----------------------
